 Dungeon Crawl Stone Soup version 0.19.5 (webtiles) character file.

102 QuCean the Shield-Bearer (level 4, -8/44 HPs)
             Began as a Troll Fighter on May 9, 2017.
             Mangled by a gnoll
             ... wielding a +0 whip
              (10 damage)
             ... on level 4 of the Dungeon.
             The game lasted 00:09:47 (2350 turns).

QuCean the Shield-Bearer (Troll Fighter)            Turns: 2350, Time: 00:09:47

Health: -8/44      AC:  5    Str: 25    XL:     4   Next: 49%
Magic:  3/3        EV:  8    Int:  4    God:
Gold:   122        SH:  9    Dex:  9    Spells: 0 memorised, 3 levels left

rFire  . . .     SeeInvis .     a - +0 flail
rCold  . . .     Gourm    +     b - +0 robe
rNeg   . . .     Faith    .     c - +0 shield
rPois  .         Spirit   .     (helmet restricted)
rElec  .         Reflect  .     (no cloak)
rCorr  .         Harm     .     (gloves unavailable)
MR     .....                    (boots unavailable)
Stlth  +.........               (no amulet)
                                (no ring)
                                (no ring)

@: no status effects
A: unfitting armour, claws 3, fast metabolism 3, gourmand, regeneration 1,
shaggy fur 1, tough skin 2
a: no special abilities


You were on level 4 of the Dungeon.
You were not hungry.

You visited 1 branch of the dungeon, and saw 4 of its levels.

You collected 122 gold pieces.

Inventory:

Hand Weapons
 a - a +0 flail (weapon)
Armour
 b - a +0 robe (worn)
 c - a +0 shield (worn)
Scrolls
 f - a scroll of immolation {unknown}
 j - a scroll of fog
 k - a scroll of amnesia {unknown}
 l - 2 scrolls of teleportation {unknown}
 m - a scroll of noise {unknown}
Potions
 d - 2 potions of might
 e - a potion of curing
 h - a potion of berserk rage {unknown}
 i - a potion of brilliance {unknown}
Books
 n - a book of Cantrips

   Spells                             Type                      Level
   a - Confusing Touch                Hexes                        1
   b - Animate Skeleton               Necromancy                   1
   c - Summon Small Mammal            Summoning                    1
   d - Apportation                    Translocation                1
Comestibles
 g - 3 meat rations


   Skills:
 + Level 2.8 Fighting
 + Level 2.7 Maces & Flails
 + Level 2.8 Dodging
 + Level 3.2 Shields


You had 3 spell levels left.
You didn't know any spells.

Dungeon Overview and Level Annotations

Branches:
Dungeon (4/15)
 Temple: D:4-7

Altars:
Vehumet
The Shining One


Innate Abilities, Weirdness & Mutations

You are too large for most types of armour.
You have claws for hands.
Your metabolism is lightning-fast.
You like to eat raw meat.
Your natural rate of healing is unusually fast.
You are covered in fur. (AC +1)
You have very tough skin. (AC +2)


Message History

The gnoll hits you with a whip.
* * * LOW HITPOINT WARNING * * *
The adder barely misses you. The gnoll hits you with a whip!
* * * LOW HITPOINT WARNING * * *
You block the adder's attack.
There is a stone staircase leading down here.
You don't know any spells.
You block the gnoll's attack. The gnoll hits you with a whip.
* * * LOW HITPOINT WARNING * * *
The adder bites you.
* * * LOW HITPOINT WARNING * * *
The orc barely misses you.
You climb downwards. 2 orcs and an orc wizard come into view.
The orc shouts! x2
There is a stone staircase leading up here.
The orc wizard shouts!
You block the gnoll's attack. The gnoll hits you with a whip!
You die...

## ..
.#####
....###
#.....#
#oS...####
#o@.......
#.gg..###.
#.....#
#.#.### #.
.. #. o..
#. .## o#
#.


You could see an orc wizard, 2 gnolls, an adder and 3 orcs.

Vanquished Creatures
  A hound (D:3)
  A gnoll (D:3)
  An adder (D:2)
  A dart slug (D:1)
  A leopard gecko (D:3)
  An orc (D:3)
  4 bats
  2 giant cockroaches
  7 goblins (D:1)
  8 hobgoblins
  2 jackals (D:1)
  2 ball pythons
  7 frilled lizards
  5 kobolds
  5 rats (D:1)
48 creatures vanquished.

Vanquished Creatures (others)
  A kobold (D:2)
  4 toadstools (D:1)
5 creatures vanquished.

Grand Total: 53 creatures vanquished

Notes
Turn   | Place    | Note
-------+----------+-------------------------------------------
     0 | D:1      | QuCean the Troll Fighter began the quest for the Orb.
     0 | D:1      | Reached XP level 1. HP: 22/22 MP: 0/0
   153 | D:1      | Reached XP level 2. HP: 29/29 MP: 1/1
   551 | D:1      | Reached XP level 3. HP: 31/36 MP: 2/2
   927 | D:2      | Found a glowing golden altar of the Shining One.
   931 | D:2      | Found a radiant altar of Vehumet.
  2227 | D:3      | Reached skill level 3 in Shields
  2227 | D:3      | Reached XP level 4. HP: 41/44 MP: 3/3
  2348 | D:3      | HP: 1/44 [adder (2)]
  2350 | D:4      | Mangled by a gnoll

Skill      XL: |  1  2  3 |
---------------+----------+-----
Maces & Flails | 2 |  2.7
Shields        | 3 |  3.2
Fighting       | |  2.8
Dodging        | |  2.8

Action                   |  1- 3 |  4- 6 || total
-------------------------+-------+-------++-------
Melee: Flail             |   189 |    10 ||   199
  Use: Scroll            |     3 |       ||     3
  Eat: Chunk             |     6 |       ||     6
       Bread ration      |     2 |       ||     2
       Meat ration       |     1 |       ||     1
       Beef jerky        |     1 |       ||     1
Armor: Robe              |    65 |     5 ||    70
Dodge: Dodged            |    72 |     7 ||    79
Block: Shield            |   101 |    12 ||   113
